 Dungeon Crawl Stone Soup version 0.31-a0-177-g4aa6249778 (webtiles) character file.

Game seed: 13923554133058116618

2308 qw the Skirmisher (level 9, -2/82 HPs)
             Began as a Naga Hunter on June 18, 2023.
             Slain by a two-headed ogre
             ... wielding a +0 giant club
              (8 damage)
             ... on level 8 of the Dungeon.
             The game lasted 00:03:16 (6738 turns).

qw the Skirmisher (Naga Hunter)                     Turns: 6738, Time: 00:03:17

Health: -2/82      AC: 10    Str: 12    XL:     9   Next: 41%
Magic:  9/9        EV: 10    Int: 10    God:
Gold:   450        SH:  0    Dex: 18    Spells: 8/8 levels left

rFire   + . .        Y - +1 shortbow (freeze)
rCold   . . .        (shield currently unavailable)
rNeg    + . .        d - +2 leather armour {rF+}
rPois   +            o - +0 helmet
rElec   .            g - +1 cloak
rCorr   .            j - +0 pair of gloves
SInv    +            (no barding)
Will    +....        (no amulet)
Stlth   ++           f - ring of positive energy
HPRegen 0.33/turn    (no ring)
MPRegen 0.11/turn

%: clarity
@: about to teleport, short of breath, very slow
A: AC +3, large, see invisible, deformed body, poison resistance, slowness 2,
spit poison 1, naga tail 1, clarity, weak 1
a: Spit Poison


You were on level 8 of the Dungeon.
You visited 2 branches of the dungeon, and saw 9 of its levels.

You collected 450 gold pieces.


Innate Abilities, Weirdness & Mutations

Your serpentine skin is tough. (AC +3)
You have supernaturally acute eyesight. (SInv)
Armour fits poorly on your strangely shaped body.
Your system is resistant to poisons. (rPois)
You cover ground very slowly.
You can spit poison.
You have a snake-like lower body.
You possess an exceptional clarity of mind.
You are weak. (Str -2)


   Skills:
 - Level 6.1 Fighting
 + Level 9.9 Ranged Weapons
 - Level 1.4 Armour
 - Level 3.2 Dodging
 - Level 1.5 Stealth


You had 8 spell levels left.
You didn't know any spells.
Your spell library was empty.

Inventory:

Hand Weapons
 Y - a +1 shortbow of freezing (weapon)
Armour
 d - a +2 leather armour of fire resistance (worn)
 g - a +1 cloak (worn)
 j - a +0 pair of gloves (worn)
 o - a +0 helmet (worn)
Jewellery
 f - a ring of positive energy (left hand)
 l - a ring of ice
Wands
 n - a wand of digging (8)
Scrolls
 c - a scroll of identify
Potions
 a - a potion of heal wounds
 b - 3 potions of mutation
 h - 2 potions of cancellation
 i - a potion of resistance
 k - a potion of degeneration {unknown}
 m - a potion of haste
 p - 2 potions of curing
 q - a potion of might {unknown}
 r - a potion of enlightenment {unknown}

Dungeon Overview and Level Annotations

Branches:
Dungeon (8/15)             Temple (1/1) D:6
   Lair: D:8-11

Altars:
Ashenzari
Cheibriados
Dithmenos
Elyvilon
Fedhas
Gozag
Hepliaklqana
Kikubaaqudgha
Makhleb
Nemelex Xobeh
Qazlal
Ru
Sif Muna
Trog
Uskayaw
Vehumet
Wu Jian
Xom
Yredelemnul
Zin
The Shining One

Annotations:
D:2 1 runed translucent door, Crazy Yiuf
D:5 2 runed translucent doors, qw's ghost, novice GrFi
D:6 3 runed translucent doors, qw's ghost, novice GrFi; qw's ghost, novice GrHu


Message History

The steam dragon claws you but does no damage.
You shoot an arrow.
The arrow hits the steam dragon but does no damage.
The steam dragon is severely wounded.
You shoot an arrow.
The arrow barely misses the steam dragon.
The sky beast hits you but does no damage.
The sky beast barely misses you. The steam dragon breathes steam at you.
The ball of steam hits you. You resist.
You hear a bellow!
You hear a shout!
You shoot an arrow. The arrow hits the steam dragon.
The arrow freezes the steam dragon.
The steam dragon is severely wounded.
You have got your breath back.
The sky beast flickers out of sight for a moment.
The sky beast hits you. The sky beast shocks you.
The sky beast flickers out of sight for a moment.
The sky beast hits you but does no damage.
6736 ||| INVOKING Spit Poison.
Aiming: Spit Poison (1% risk of failure)
Press: ? - help, Shift-Dir - straight line, f - two-headed ogre, p - steam dragon The splash of poison hits the two-headed ogre.
The two-headed ogre is poisoned.
The two-headed ogre is lightly wounded.
The sky beast closely misses you.
The sky beast hits you but does no damage.
You shoot an arrow. The arrow hits the two-headed ogre!
The arrow freezes the two-headed ogre.
The two-headed ogre is moderately wounded.
The sky beast hits you but does no damage. x2
The two-headed ogre hits you with a +0 giant club!
The two-headed ogre hits you with a +0 giant club.
6738 ||| READING scroll of teleportation.
As you read the scroll of teleportation, it crumbles to dust.
You feel strangely unstable.
The sky beast hits you but does no damage. x2
The two-headed ogre closely misses you.
The two-headed ogre hits you with a +0 giant club!
You die...

..........(...#
#.#
.#............#
#.#
#.#.....###.##
#.#
..............#
#.#
.#.#.#.#.###..#
#.# #.#.#.#.#
#..# #.# #
#...# #...# #.#
.....
...#Y####.# ..
#...#@<...#
~~~¤¤.OY#####
~~~¤¤..D#
..~¤¤#..#
#[.~~...#
#..~~...#
!.~~~#..#
.¤¤¤....#


You could see a two-headed ogre (poisoned), a steam dragon (poisoned, catching
breath) and 2 sky beasts.

Vanquished Creatures
  2 steam dragons
  A water moccasin (D:6)
  3 ice beasts
  2 black bears
  A sky beast (D:8)
  A centaur (D:6)
  2 phantoms
  Blork the orc (D:4)
  A bullfrog (D:8)
  4 scorpions
  2 hounds (D:6)
  A jelly (D:5)
  5 orc priests (D:6)
  6 iguanas
  Natasha (twice) (D:3)
  Terence (D:2)
  4 orc wizards
  2 sleepcaps
  3 gnolls (D:5)
  10 adders
  A white imp (D:6)
  An ufetubus (D:6)
  A worm (D:2)
  A dart slug (D:4)
  13 orcs
  7 bats
  6 endoplasms
  3 giant cockroaches
  4 goblins
  7 hobgoblins
  4 jackals (D:5)
  10 quokkas
  6 ball pythons
  A frilled lizard (D:2)
  5 kobolds
  7 rats
131 creatures vanquished.

Notes
Turn   | Place    | Note
-------+----------+-------------------------------------------
     0 | D:1      | qw the Naga Hunter began the quest for the Orb.
     0 | D:1      | Reached XP level 1. HP: 19/19 MP: 1/1
     0 | D:1      | 0 ||| qw: Version: 0.3-a-7-ge0c9b40
     0 | D:1      | 0 ||| qw: Game counter: 738
     0 | D:1      | 0 ||| qw: Always use a shield: true
     0 | D:1      | 0 ||| qw: God list: Okawaru
     0 | D:1      | 0 ||| qw: Allow faded altars: false
     0 | D:1      | 0 ||| qw: Do Orc after D:15 true
     0 | D:1      | 0 ||| qw: Do second Lair branch before Depths: true
     0 | D:1      | 0 ||| qw: Lair rune preference: random
     0 | D:1      | 0 ||| qw: Plans: Normal
     0 | D:1      | 0 ||| PLANNING D:1-11
    18 | D:1      | 18 ||| INVOKING Spit Poison.
    22 | D:1      | 22 ||| INVOKING Spit Poison.
    38 | D:1      | 38 ||| INVOKING Spit Poison.
    59 | D:1      | 59 ||| INVOKING Spit Poison.
    71 | D:1      | 71 ||| INVOKING Spit Poison.
    72 | D:1      | Reached skill level 4 in Ranged Weapons
    72 | D:1      | Reached XP level 2. HP: 26/26 MP: 2/2
    75 | D:1      | 75 ||| INVOKING Spit Poison.
   124 | D:1      | 124 ||| INVOKING Spit Poison.
   129 | D:1      | 129 ||| INVOKING Spit Poison.
   157 | D:1      | Found a faded altar of an unknown god.
   164 | D:1      | 164 ||| INVOKING Spit Poison.
   230 | D:1      | 230 ||| INVOKING Spit Poison.
   292 | D:1      | 292 ||| INVOKING Spit Poison.
   331 | D:1      | 331 ||| INVOKING Spit Poison.
   335 | D:1      | 335 ||| INVOKING Spit Poison.
   571 | D:1      | 571 ||| INVOKING Spit Poison.
   574 | D:1      | 574 ||| INVOKING Spit Poison.
   580 | D:1      | 580 ||| INVOKING Spit Poison.
   687 | D:1      | 687 ||| INVOKING Spit Poison.
   695 | D:1      | Reached XP level 3. HP: 32/32 MP: 3/3
   764 | D:1      | 764 ||| INVOKING Spit Poison.
   972 | D:1      | 972 ||| INVOKING Spit Poison.
   978 | D:1      | 978 ||| INVOKING Spit Poison.
  1028 | D:1      | 1028 ||| UPGRADING to +2 leather armour of fire resistance.
  1038 | D:1      | 1038 ||| DROPPING +0 leather armour.
  1039 | D:1      | 1039 ||| UPGRADING to +0 cloak.
  1044 | D:1      | 1044 ||| READING scroll labelled CEYKAIVV XAIPN.
  1045 | D:1      | 1045 ||| READING scroll labelled FOFRITRI SAUST.
  1049 | D:1      | 1049 ||| READING scroll labelled BIWKAB BIJOU.
  1050 | D:1      | 1050 ||| READING scroll labelled IMO VYIRAOSON.
  1051 | D:1      | 1051 ||| READING 3 scrolls labelled QAGRAO MIRIK.
  1052 | D:1      | 1052 ||| READING 2 scrolls of enchant weapon.
  1052 | D:1      | 1052 ||| ENCHANTING +1 shortbow.
  1053 | D:1      | 1053 ||| READING scroll of enchant weapon.
  1053 | D:1      | 1053 ||| ENCHANTING +2 shortbow.
  1054 | D:1      | 1054 ||| DROPPING scroll of butterflies.
  1096 | D:2      | 1096 ||| INVOKING Spit Poison.
  1119 | D:2      | 1119 ||| INVOKING Spit Poison.
  1124 | D:2      | 1124 ||| INVOKING Spit Poison.
  1187 | D:2      | 1187 ||| INVOKING Spit Poison.
  1281 | D:2      | 1281 ||| INVOKING Spit Poison.
  1296 | D:2      | 1296 ||| INVOKING Spit Poison.
  1308 | D:2      | 1308 ||| INVOKING Spit Poison.
  1318 | D:2      | 1318 ||| INVOKING Spit Poison.
  1334 | D:2      | 1334 ||| INVOKING Spit Poison.
  1342 | D:2      | 1342 ||| INVOKING Spit Poison.
  1360 | D:2      | 1360 ||| INVOKING Spit Poison.
  1367 | D:2      | Noticed Terence
  1368 | D:2      | 1368 ||| INVOKING Spit Poison.
  1373 | D:2      | Killed Terence
  1374 | D:2      | Reached skill level 5 in Ranged Weapons
  1374 | D:2      | Reached XP level 4. HP: 32/39 MP: 4/4
  1374 | D:2      | 1374 ||| INVOKING Spit Poison.
  1562 | D:2      | 1562 ||| INVOKING Spit Poison.
  1607 | D:2      | 1607 ||| INVOKING Spit Poison.
  1658 | D:2      | 1658 ||| INVOKING Spit Poison.
  1665 | D:2      | 1665 ||| INVOKING Spit Poison.
  1782 | D:2      | Found a runed translucent door.
  1783 | D:2      | Noticed Crazy Yiuf
  1844 | D:2      | 1844 ||| DROPPING +1 robe of positive energy.
  1845 | D:2      | 1845 ||| READING scroll labelled OMEXUI FONANTI.
  1846 | D:2      | 1846 ||| READING scroll labelled HICONI ECUNTU.
  1872 | D:3      | 1872 ||| INVOKING Spit Poison.
  1913 | D:3      | 1913 ||| INVOKING Spit Poison.
  1921 | D:3      | Found a basalt altar of Yredelemnul.
  1968 | D:3      | Noticed an ice beast
  1979 | D:3      | Killed an ice beast
  1980 | D:3      | Reached XP level 5. HP: 36/50 MP: 5/5
  2036 | D:3      | 2036 ||| INVOKING Spit Poison.
  2054 | D:3      | 2054 ||| INVOKING Spit Poison.
  2112 | D:3      | 2112 ||| INVOKING Spit Poison.
  2115 | D:3      | 2115 ||| INVOKING Spit Poison.
  2116 | D:3      | Reached XP level 6. HP: 57/57 MP: 6/6
  2119 | D:3      | 2119 ||| INVOKING Spit Poison.
  2124 | D:3      | 2124 ||| INVOKING Spit Poison.
  2182 | D:3      | 2182 ||| INVOKING Spit Poison.
  2191 | D:3      | Found a stormy altar of Qazlal.
  2207 | D:3      | 2207 ||| INVOKING Spit Poison.
  2242 | D:3      | 2242 ||| INVOKING Spit Poison.
  2271 | D:3      | Noticed Natasha
  2272 | D:3      | 2272 ||| INVOKING Spit Poison.
  2275 | D:3      | Killed Natasha
  2334 | D:3      | Noticed Natasha
  2336 | D:3      | Killed Natasha
  2337 | D:3      | Reached skill level 6 in Ranged Weapons
  2388 | D:3      | 2388 ||| READING scroll labelled WETWYD XERYOLER.
  2389 | D:3      | 2389 ||| READING scroll labelled OLIYCV ILUY.
  2390 | D:3      | 2390 ||| DRINKING 2 lumpy purple potions.
  2390 | D:3      | Gained mutation: You possess an exceptional clarity of
                  | mind. [potion of mutation]
  2390 | D:3      | Gained mutation: You are weak. (Str -2) [potion of
                  | mutation]
  2473 | D:4      | Noticed Blork the orc
  2474 | D:4      | 2474 ||| INVOKING Spit Poison.
  2480 | D:4      | 2480 ||| INVOKING Spit Poison.
  2486 | D:4      | 2486 ||| INVOKING Spit Poison.
  2487 | D:4      | Killed Blork the orc
  2657 | D:4      | You fall into a shaft and drop 3 floors!
  2713 | D:7      | 2713 ||| INVOKING Spit Poison.
  2718 | D:7      | 2718 ||| INVOKING Spit Poison.
  2719 | D:7      | Reached XP level 7. HP: 46/64 MP: 7/7
  2791 | D:7      | 2791 ||| UPGRADING to ring of positive energy.
  2792 | D:7      | 2792 ||| DRINKING 3 bubbling sapphire potions.
  2793 | D:7      | 2793 ||| DRINKING 2 fuming green potions.
  2794 | D:7      | 2794 ||| DROPPING 2 potions of brilliance.
  2804 | D:6      | 2804 ||| PLANNING SEWER
  2804 | D:6      | 2804 ||| INVOKING Spit Poison.
  2806 | D:6      | Noticed a steam dragon
  2810 | D:6      | 2810 ||| INVOKING Spit Poison.
  2818 | D:6      | 2818 ||| INVOKING Spit Poison.
  2818 | D:6      | Killed a steam dragon
  2819 | D:6      | Reached skill level 7 in Ranged Weapons
  3065 | D:6      | 3065 ||| SWAPPING to +1 shortbow of freezing.
  3066 | D:6      | 3066 ||| DROPPING +3 shortbow.
  3085 | D:6      | 3085 ||| INVOKING Spit Poison.
  3087 | D:6      | 3087 ||| Stepping ~*~*~tactically~*~*~ (outnumbered).
  3092 | D:6      | 3092 ||| INVOKING Spit Poison.
  3098 | D:6      | 3098 ||| INVOKING Spit Poison.
  3126 | D:6      | 3126 ||| INVOKING Spit Poison.
  3132 | D:6      | 3132 ||| INVOKING Spit Poison.
  3135 | D:6      | 3135 ||| INVOKING Spit Poison.
  3138 | D:6      | 3138 ||| INVOKING Spit Poison.
  3142 | D:6      | 3142 ||| INVOKING Spit Poison.
  3145 | D:6      | 3145 ||| INVOKING Spit Poison.
  3149 | D:6      | 3149 ||| Stepping ~*~*~tactically~*~*~ (outnumbered).
  3150 | D:6      | 3150 ||| INVOKING Spit Poison.
  3154 | D:6      | Reached skill level 8 in Ranged Weapons
  3154 | D:6      | Reached XP level 8. HP: 31/72 MP: 8/8
  3155 | D:6      | 3155 ||| INVOKING Spit Poison.
  3180 | D:6      | 3180 ||| FLEEEEING.
  3184 | D:6      | 3184 ||| STAIRDANCE
  3185 | D:5      | Entered Level 5 of the Dungeon
  3186 | D:5      | 3186 ||| INVOKING Spit Poison.
  3281 | D:5      | 3281 ||| DRINKING 2 sedimented silvery potions.
  3282 | D:5      | 3282 ||| DROPPING potion of attraction.
  3293 | D:6      | 3293 ||| INVOKING Spit Poison.
  3487 | D:6      | Found a staircase to the Ecumenical Temple.
  3488 | D:6      | 3488 ||| RIP SEWER
  3490 | D:6      | 3490 ||| PLANNING TEMPLE
  3490 | D:6      | 3490 ||| INVOKING Spit Poison.
  3494 | D:6      | 3494 ||| READING 2 scrolls of identify.
  3494 | D:6      | 3494 ||| IDENTIFYING fizzy purple potion
  3495 | D:6      | 3495 ||| DROPPING potion of magic.
  3508 | Temple   | Entered the Ecumenical Temple
  3732 | Temple   | 3732 ||| PLANNING D:1-11
  3902 | D:5      | 3902 ||| INVOKING Spit Poison.
  3922 | D:5      | 3922 ||| INVOKING Spit Poison.
  4007 | D:5      | 4007 ||| READING scroll labelled HYESMIHAEFO.
  4011 | D:5      | Found a runed translucent door.
  4103 | D:4      | 4103 ||| INVOKING Spit Poison.
  4111 | D:4      | 4111 ||| INVOKING Spit Poison.
  4123 | D:4      | 4123 ||| READING scroll of enchant armour.
  4123 | D:4      | 4123 ||| ENCHANTING +0 cloak.
  4182 | D:4      | 4182 ||| INVOKING Spit Poison.
  4189 | D:4      | 4189 ||| INVOKING Spit Poison.
  4223 | D:5      | 4223 ||| INVOKING Spit Poison.
  4246 | D:5      | Found a bloodstained altar of Trog.
  4253 | D:5      | 4253 ||| INVOKING Spit Poison.
  4325 | D:5      | 4325 ||| INVOKING Spit Poison.
  4380 | D:5      | 4380 ||| INVOKING Spit Poison.
  4383 | D:5      | 4383 ||| INVOKING Spit Poison.
  4389 | D:5      | 4389 ||| INVOKING Spit Poison.
  4434 | D:5      | Found a burning altar of Makhleb.
  4472 | D:5      | Reached skill level 9 in Ranged Weapons
  4537 | D:5      | 4537 ||| INVOKING Spit Poison.
  4544 | D:5      | 4544 ||| INVOKING Spit Poison.
  4545 | D:5      | Reached skill level 1 in Armour
  4550 | D:5      | 4550 ||| INVOKING Spit Poison.
  4594 | D:5      | Found a runed translucent door.
  4601 | D:5      | Noticed qw's ghost (novice GrFi)
  4797 | D:5      | 4797 ||| UPGRADING to +0 helmet.
  4802 | D:5      | 4802 ||| DRINKING 2 white potions.
  4803 | D:5      | 4803 ||| DRINKING 2 cyan potions.
  4804 | D:5      | 4804 ||| DRINKING 3 potions of curing.
  4804 | D:5      | 4804 ||| (to cure confusion)
  4805 | D:5      | 4805 ||| READING 2 scrolls of identify.
  4805 | D:5      | 4805 ||| IDENTIFYING purple potion
  4806 | D:5      | 4806 ||| DROPPING potion of ambrosia.
  5683 | D:6      | 5683 ||| INVOKING Spit Poison.
  5809 | D:6      | Reached XP level 9. HP: 55/82 MP: 9/9
  5898 | D:6      | 5898 ||| INVOKING Spit Poison.
  6022 | D:6      | Found a sacrificial altar of Ru.
  6049 | D:6      | Found a runed translucent gate.
  6049 | D:6      | Found a runed translucent gate.
  6049 | D:6      | Found a runed translucent gate.
  6053 | D:6      | Noticed qw's ghost (novice GrFi)
  6053 | D:6      | Noticed qw's ghost (novice GrHu)
  6057 | D:6      | 6057 ||| UPGRADING to +0 pair of gloves.
  6111 | D:7      | 6111 ||| INVOKING Spit Poison.
  6185 | D:7      | 6185 ||| INVOKING Spit Poison.
  6188 | D:7      | 6188 ||| INVOKING Spit Poison.
  6189 | D:7      | Reached skill level 3 in Dodging
  6213 | D:7      | Reached skill level 6 in Fighting
  6406 | D:7      | 6406 ||| INVOKING Spit Poison.
  6506 | D:7      | 6506 ||| READING scroll labelled FOEMON XAREVIG.
  6568 | D:8      | 6568 ||| Stepping ~*~*~tactically~*~*~ (outnumbered).
  6570 | D:8      | 6570 ||| Stepping ~*~*~tactically~*~*~ (outnumbered).
  6581 | D:8      | 6581 ||| Stepping ~*~*~tactically~*~*~ (outnumbered).
  6582 | D:8      | 6582 ||| INVOKING Spit Poison.
  6589 | D:8      | 6589 ||| INVOKING Spit Poison.
  6690 | D:8      | 6690 ||| INVOKING Spit Poison.
  6710 | D:8      | 6710 ||| INVOKING Spit Poison.
  6714 | D:8      | 6714 ||| INVOKING Spit Poison.
  6718 | D:8      | 6718 ||| INVOKING Spit Poison.
  6721 | D:8      | 6721 ||| INVOKING Spit Poison.
  6723 | D:8      | Noticed a two-headed ogre
  6725 | D:8      | 6725 ||| INVOKING Spit Poison.
  6730 | D:8      | 6730 ||| INVOKING Spit Poison.
  6736 | D:8      | 6736 ||| INVOKING Spit Poison.
  6737 | D:8      | HP: 9/82 [two-headed ogre/+0 giant club (12)]
  6738 | D:8      | 6738 ||| READING scroll of teleportation.
  6738 | D:8      | Slain by a two-headed ogre

Levels and vault maps discovered:
D:1:      minmay_arrival_doors, layout_basic, shapermc_ecumenical_altar_venn,
          minmay_split_cup_small
D:2:      layout_basic, minmay_shallow_snake_nest, uniq_terence,
          uniq_crazy_yiuf_cottage
D:3:      layout_rooms, amcnicky_altar_gilded, marbit_many_paths, uniq_natasha
D:4:      layout_basic, uniq_blork_the_orc
D:5:      layout_loops_ring, overflow_temple_1_default,
          nicolae_overflow_crystal_walls, ebering_ghost_sewer_f,
          kennysheep_windowed_goal
D:6:      layout_loops_ring, nicolae_ru_the_path_less_chosen,
          minmay_temple_entry_large_hall, portal_sewer_entry_d,
          gammafunk_ghost_cemetery, serial_bayou_pond_d
D:7:      layout_gridville
D:8:      layout_loops_ring, hangedman_misty_isle
Temple:   minmay_temple_bridge_d

Skill      XL: |  1  2  3  4  5  6  7  8  9 |
---------------+----------------------------+-----
Ranged Weapons | 4 5 6 8 9 |  9.9
Fighting       | 4 5 6 |  6.1
Dodging        | 2 3 |  3.2
Armour         | 1 |  1.4
Stealth        | |  1.5

Action                     |  1- 3 |  4- 6 |  7- 9 || total
---------------------------+-------+-------+-------++-------
   Fire: Shortbow          |    66 |    76 |   210 ||   352
Ability: Spit Poison       |    32 |    22 |    48 ||   102
    Use: Scroll            |     7 |     4 |     6 ||    17
         Potion            |       |     1 |     6 ||     7
 Armour: Leather armour    |     8 |    10 |    60 ||    78
  Dodge: Dodged            |    15 |    16 |    70 ||   101

Table legend:
 A = Non-vault XP
 B = Vault XP
 C = Vault XP percentage of total XP
 D = Non-vault monster count
 E = Vault monster count
 F = Vault count percentage of total count
                 A         B        C        D         E       F
            +---------+---------+-------+---------+---------+-------
      Total |    2809 |     489 |  14.8 |     117 |      14 |  10.7
            +---------+---------+-------+---------+---------+-------
        D:1 |      38 |       6 |  13.6 |      23 |       3 |  11.5
        D:2 |      49 |      51 |  51.0 |      21 |       4 |  16.0
        D:3 |     292 |      39 |  11.8 |      17 |       2 |  10.5
        D:4 |     194 |      96 |  33.1 |       6 |       1 |  14.3
        D:5 |     616 |       3 |   0.5 |      16 |       1 |   5.9
        D:6 |     964 |      13 |   1.3 |      22 |       1 |   4.3
        D:7 |     497 |       0 |   0.0 |       7 |       0 |   0.0
        D:8 |     159 |     281 |  63.9 |       5 |       2 |  28.6
            +---------+---------+-------+---------+---------+-------
